 Dungeon Crawl Stone Soup version 0.31-a0-198-g2ad674f65e (webtiles) character file.

Game seed: 17179046668119905392

86429 sanka the Slayer (level 15, -8/189 HPs)
             Began as an Ogre Monk on June 25, 2023.
             Was a High Priest of Okawaru.
             Mangled by a doom hound (10 damage)
             ... on level 5 of the Lair of Beasts.
             The game lasted 00:45:16 (25487 turns).

sanka the Slayer (Ogre Monk)                       Turns: 25487, Time: 00:45:18

Health: -8/189     AC: 12    Str: 25    XL:     15   Next: 87%
Magic:  15/24      EV: 19    Int: 14    God:    Okawaru [*****.]
Gold:   1828       SH:  0    Dex: 15    Spells: 14/14 levels left

rFire   . . .        a - +2 giant club (spect)
rCold   . . .        (shield currently unavailable)
rNeg    . . .        w - +0 troll leather armour
rPois   .            (helmet restricted)
rElec   .            D - +1 cloak
rCorr   .            (gloves unavailable)
SInv    .            (boots unavailable)
Will    +....        n - amulet of faith
Stlth   +++          X - +5 ring of evasion
HPRegen 1.31/turn    P - ring of Gotymuybb {AC+4 Int+3 Dex+4}
MPRegen 0.19/turn

%: faith
@: about to teleport, heroic
A: large, unfitting armour, tough skin 1
a: Renounce Religion, Heroism, Finesse, Duel


You were on level 5 of the Lair of Beasts.
You worshipped Okawaru.
Okawaru was extremely pleased with you.
You visited 5 branches of the dungeon, and saw 20 of its levels.

You collected 3163 gold pieces.
You spent 1335 gold pieces at shops.


Innate Abilities, Weirdness & Mutations

You are too large for most types of armour.
You have tough skin. (AC +1)


   Skills:
 - Level 22.0(27) Fighting
 - Level 17.0(22.0) Maces & Flails
 + Level 2.9(7.9) Armour
 + Level 4.4(9.4) Dodging
 - Level 12.0 Invocations


You had 14 spell levels left.
You didn't know any spells.
Your spell library contained the following spells:

 Spells                   Type           Power      Damage    Failure   Level
 Magic Dart               Conj           0%         1d3       32%         1
 Cigotuvi's Dreadful Rot  Necr/Pois/Air  0%         N/A       43%         2
 Searing Ray              Conj           0%         2d4       43%         2
 Dazzling Flash           Conj/Hex       0%         N/A       67%         3
 Ignite Poison            Fire/Tmut/Pois 0%         N/A       67%         3
 Ozocubu's Armour         Ice            0%         N/A       67%         3
 Fulminant Prism          Conj/Hex       0%         3d5       97%         4
 Agony                    Necr           0%         N/A       100%        5
 Blade Hands              Tmut           0%         N/A       100%        5
 Fireball                 Conj/Fire      0%         3d3       100%        5
 Freezing Cloud           Conj/Ice/Air   0%         6-21      100%        5
 Irradiate                Conj/Tmut      0%         3d11      100%        5
 Iskenderun's Battlesphe  Conj           0%         2d6       100%        5
 Silence                  Hex/Air        0%         N/A       100%        5
 Conjure Ball Lightning   Conj/Air       0%         3x3d6     100%        6
 Dragon Form              Tmut           0%         N/A       100%        7
 Orb of Destruction       Conj           0%         9d5       100%        7
 Ozocubu's Refrigeration  Ice            0%         4d7       100%        7

Inventory:

Hand Weapons
 a - a +2 spectral giant club (weapon)
 e - a +0 giant spiked club
 C - the +6 dagger of Forgiveness {pain, Fragile Fly rElec} rElec: It insulates you from electricity. Fly: It grants you flight. Fragile: It will be destroyed if unequipped.
Missiles
 E - 3 throwing nets {=f}
 G - 14 curare-tipped darts (quivered) {=f}
 S - 4 large rocks {=f}
 V - 16 javelins
Armour
 w - a +0 troll leather armour (worn)
 D - a +1 cloak (worn)
 T - the +1 hat of Fashionability {*Corrode rElec rF+} rF: It protects you from fire. rElec: It insulates you from electricity. *Corrode: It may corrode you when you take damage.
Jewellery
 n - an amulet of faith (around neck)
 p - the ring "Dotu" {Fly rN++ Will+}

   [ring of flight]

   rN:        It greatly protects you from negative energy.
   Fly:       It grants you flight.
   Will:      It increases your willpower.
 N - a ring of willpower
 P - the ring of Gotymuybb (right hand) {AC+4 Int+3 Dex+4}

   [ring of protection]

   AC:        It affects your AC (+4).
   Int:       It affects your intelligence (+3).
   Dex:       It affects your dexterity (+4).
 X - a +5 ring of evasion (left hand)
 Z - a ring of protection from cold
Wands
 m - a wand of polymorph (3)
 t - a wand of digging (7)
 x - a wand of light (7)
 K - a wand of mindburst (16)
 U - a wand of paralysis (2)
 Y - a wand of iceblast (2)
Scrolls
 f - 2 scrolls of amnesia
 g - 5 scrolls of teleportation {@r4}
 j - 2 scrolls of immolation {!r}
 l - 5 scrolls of fog
 o - 2 scrolls of vulnerability {!r}
 r - 3 scrolls of enchant armour
 s - 4 scrolls of noise {!r}
 y - 3 scrolls of blinking
 F - a scroll of acquirement
 J - 4 scrolls of revelation
 L - 3 scrolls of fear
 R - 4 scrolls of poison {!r}
Potions
 c - 2 potions of ambrosia
 h - 4 potions of invisibility
 i - 3 potions of attraction {!q}
 k - 3 potions of enlightenment
 q - a potion of degeneration {unknown}
 u - 3 potions of brilliance
 v - 4 potions of might
 z - a potion of magic
 A - a potion of lignification {unknown}
 B - 3 potions of mutation {unknown}
 H - a potion of resistance
 I - 2 potions of heal wounds {@q2}
 M - a potion of cancellation {unknown}
 O - 3 potions of berserk rage {unknown}
 Q - 2 potions of haste {@q3}
 W - 4 potions of curing {@q1}
Miscellaneous
 b - the horn of Geryon

Dungeon Overview and Level Annotations

Branches:
Dungeon (11/15)            Temple (1/1) D:7            Lair (5/5) D:9
  Swamp (0/4) Lair:2        Snake (0/4) Lair:3        Slime (0/5) Lair:5
    Orc (2/2) D:10            Elf (0/3) Orc:2          Hell (visited)
    Dis: Hell:1         Geh: Hell:1         Coc: Hell:1         Tar: Hell:1

Altars:
Ashenzari
Cheibriados
Dithmenos
Elyvilon
Fedhas
Hepliaklqana
Kikubaaqudgha
Makhleb
Nemelex Xobeh
Okawaru
Qazlal
Ru
Sif Muna
Trog
Uskayaw
Vehumet
Wu Jian
Xom
Yredelemnul
Zin
The Shining One
Jiyva

Shops:
D:4 *   D:9 (   Orc:1 *   Orc:2 :[(*(

Portals:
Hell: Lair:5
Trove: D:10 (give horn of Geryon)

Annotations:
Temple 2 transporters

▒▒▒▒▒▒▒▒▒▒▒▒▒▒▒▒▒▒▒▒
▒≈##≈≈#≈≈≈≈≈≈≈≈≈≈#≈▒
▒▒▒▒▒▒▒▒▒#≈≈≈≈≈≈≈≈≈##▒
.....▒.....#≈≈≈≈≈≈###▒
8.8..▒.........≈≈#≈##▒
.▒.).)...._...hhO≈≈##▒
8.▒..▒.........h≈≈≈#≈▒
.8...▒........≈≈≈####▒
▒.8..▒▒▒▒▒▒▒▒▒▒▒▒▒▒▒≈▒
.8...[[............▒≈▒
.....▒...8....8....▒≈▒
▒▒▒▒▒▒.............▒≈▒
▒▒▒▒▒▒†'▒▒▒▒▒▒▒▒▒ ♣
♣....♣


You could see 2 doom hounds and a hell hog.


Message History

* * * LOW HITPOINT WARNING * * *
Unknown command.
Unknown command.
Unknown command.
You bludgeon the hell hog!!
The hell hog is heavily wounded.
Your +2 spectral giant club hits the hell hog!!!
You kill the hell hog!
Okawaru accepts your kill. The doom hound closely misses you.
The doom hound closely misses you.
Unknown command.
Unknown command.
You completely miss the doom hound.
Your +2 spectral giant club hits the doom hound.
The doom hound bites you but does no damage.
The doom hound completely misses you. The doom hound bites you!
* * * LOW HITPOINT WARNING * * *
The doom hound claws you!
* * * LOW HITPOINT WARNING * * *
Unknown command.
Your +2 spectral giant club disappears.
The doom hound closely misses you. The doom hound claws you.
* * * LOW HITPOINT WARNING * * *
The doom hound bites you!!
* * * LOW HITPOINT WARNING * * *
The doom hound claws you!
You die...

Action                     |  1- 3 |  4- 6 |  7- 9 | 10-12 | 13-15 || total
---------------------------+-------+-------+-------+-------+-------++-------
  Melee: Mace              |    71 |       |       |       |       ||    71
         Flail             |    20 |    84 |   102 |       |       ||   206
         Giant club        |       |       |   216 |   668 |   611 ||  1495
  Throw: Dart              |       |       |       |     1 |       ||     1
 Invoke: Heroism           |       |       |       |     7 |     8 ||    15
         Finesse           |       |       |       |       |     1 ||     1
         Duel              |       |       |       |       |     1 ||     1
  Evoke: Wand              |       |       |       |       |     1 ||     1
    Use: Scroll            |       |       |    15 |     5 |     6 ||    26
         Potion            |       |       |       |     2 |     2 ||     4
   Stab: Sleeping          |       |       |     1 |       |     3 ||     4
         Distracted        |       |       |       |     1 |     8 ||     9
 Armour: Robe              |    14 |    27 |    22 |       |       ||    63
         Steam dragon scal |       |       |    72 |   183 |   115 ||   370
         Troll leather arm |       |       |       |       |    43 ||    43
  Dodge: Dodged            |    34 |   108 |   273 |   404 |   358 ||  1177
  Block: Other             |       |       |       |    15 |    42 ||    57

Levels and vault maps discovered:
D:1:      moated_graveyard_arrival, layout_basic, minivault_5
D:2:      layout_basic, basic_altar
D:3:      layout_basic, overflow_temple_1_default, kennysheep_boxes
D:4:      layout_rooms, zin_purify, uniq_natasha, uniq_eustachio, uniq_sigmund,
          uniq_ijyb
D:5:      layout_loops_ring, mainiacjoe_overflow_24_doors, fiery_altar_vehumet,
          uniq_crazy_yiuf_cottage
D:6:      layout_gridville, chequers_jeans, uniq_maggie
D:7:      layout_rooms, nicolae_ru_great_annihilating_truth,
          minmay_temple_entry_nine_rooms
D:8:      layout_basic, minmay_crystal_room, kennysheep_generic_room_2,
          uniq_prince_ribbit1, uniq_maurice
D:9:      layout_loops_corners, lair_entry_dummy, serial_shops,
          kennysheep_mini_moat, uniq_grum
D:10:     layout_basic, orc_0_dummy, nicolae_trove_entry_columns,
          hangedman_tell_no_tales
D:11:     layout_roguey [special_room_kobold], uniq_erica, uniq_josephine
Temple:   hellmonk_temple_divided_pantheon
Lair:1:   layout_regular_city, grunt_megastairs_2, serial_bayou_shore_b
Lair:2:   layout_cave_pods, palyth_hydra_swamp_entry, minivault_26
Lair:3:   dreamdust_cave_troll, layout_gridlike, dummy_snake_entry,
          nicolae_quartered_pool_little, infiniplex_staircase_pool,
          serial_bayou_shore_a, lemuel_fruit_tree
Lair:4:   slaughterhouse, layout_regular_city, nzn_random_ring,
          serial_bayou_shore_b, infiniplex_staircase_pool_2
Lair:5:   evil_forest, layout_long_grid, dpeg_slime_entry_enclosed,
          st_stairs_12, worms_lemuel
Orc:1:    nicolae_orc_accident_3, layout_caves, serial_shops,
          nicolae_shop_real_fake_doors
Orc:2:    grunt_orc_gardens, layout_caves, grunt_orc_garden, grunt_orc_garden,
          grunt_orc_garden, grunt_orc_garden, basic_altar, serial_shops, shop,
          uniq_erolcha
Hell

Notes
Turn   | Place    | Note
-------+----------+-------------------------------------------
     0 | D:1      | sanka the Ogre Monk began the quest for the Orb.
     0 | D:1      | Reached XP level 1. HP: 24/24 MP: 1/1
    84 | D:1      | Reached skill level 3 in Maces & Flails
   121 | D:1      | Reached XP level 2. HP: 32/32 MP: 2/2
   267 | D:1      | HP: 3/32 [gnoll/+0 spear (8)]
   516 | D:1      | Reached XP level 3. HP: 33/39 MP: 3/3
  1129 | D:2      | Reached skill level 4 in Maces & Flails
  1242 | D:2      | Found a sacrificial altar of Ru.
  1658 | D:2      | Identified the ring "Dotu" {Fly rN++ Will+}
  1907 | D:3      | Reached XP level 4. HP: 45/45 MP: 4/4
  2262 | D:3      | Found a basalt altar of Yredelemnul.
  2733 | D:4      | Noticed Ijyb
  2855 | D:4      | Killed Ijyb
  2913 | D:4      | Found Zin's Purification Station.
  2918 | D:4      | Found a glowing silver altar of Zin.
  2926 | D:4      | Noticed Eustachio
  2957 | D:3      | Reached XP level 5. HP: 37/55 MP: 5/5
  3135 | D:3      | Killed Eustachio
  3136 | D:3      | Reached skill level 5 in Fighting
  3136 | D:3      | Reached skill level 5 in Maces & Flails
  3136 | D:3      | Reached XP level 6. HP: 66/66 MP: 6/6
  3258 | D:4      | Noticed Sigmund
  3280 | D:4      | Killed Sigmund
  3281 | D:4      | Reached skill level 6 in Fighting
  3281 | D:4      | Reached skill level 6 in Maces & Flails
  3281 | D:4      | Reached XP level 7. HP: 66/75 MP: 7/7
  3420 | D:4      | Noticed Natasha
  3434 | D:4      | Killed Natasha
  3790 | D:4      | Noticed Natasha
  3809 | D:4      | Killed Natasha
  3906 | D:4      | Noticed Natasha
  3911 | D:4      | Killed Natasha
  3958 | D:5      | Entered Level 5 of the Dungeon
  4035 | D:5      | Reached skill level 7 in Maces & Flails
  4053 | D:5      | Reached skill level 7 in Fighting
  4228 | D:5      | Reached XP level 8. HP: 87/87 MP: 8/8
  4312 | D:5      | Found an ancient bone altar of Kikubaaqudgha.
  4426 | D:5      | Found a radiant altar of Vehumet.
  4613 | D:5      | Found a runed translucent door.
  4614 | D:5      | Noticed Crazy Yiuf
  4722 | D:5      | Identified the +6 dagger of Forgiveness {pain, Fragile Fly
                  | rElec}
  4955 | D:5      | Killed Crazy Yiuf
  5231 | D:6      | Reached skill level 8 in Maces & Flails
  5279 | D:6      | Reached skill level 8 in Fighting
  5503 | D:6      | Identified +0 steam dragon scales
  5503 | D:6      | Noticed Maggie
  5524 | D:6      | Killed Maggie
  5525 | D:6      | Reached skill level 9 in Maces & Flails
  5717 | D:6      | Reached XP level 9. HP: 91/97 MP: 9/9
  5744 | D:6      | Reached skill level 9 in Fighting
  6691 | D:7      | Reached skill level 10 in Maces & Flails
  6702 | D:6      | Reached skill level 10 in Fighting
  7588 | D:7      | Reached skill level 11 in Maces & Flails
  7588 | D:7      | Reached XP level 10. HP: 82/111 MP: 10/10
  7711 | D:7      | Reached skill level 11 in Fighting
  7804 | D:7      | Found a sacrificial altar of Ru.
  7955 | D:7      | Noticed a two-headed ogre
  7963 | D:7      | Killed a two-headed ogre
  8073 | D:7      | Found a staircase to the Ecumenical Temple.
  8079 | Temple   | Entered the Ecumenical Temple
  8079 | Temple   | Found a transporter.
  8079 | Temple   | Found a transporter.
  8081 | Temple   | Found a transporter.
  8081 | Temple   | Found a transporter.
  8099 | Temple   | Became a worshipper of Warmaster Okawaru
  8099 | Temple   | Reached * piety under Okawaru
  8099 | Temple   | Reached ** piety under Okawaru
  8171 | D:8      | Reached skill level 1 in Invocations
  8191 | D:8      | Noticed a two-headed ogre
  8194 | D:8      | Reached skill level 2 in Invocations
  8202 | D:8      | Killed a two-headed ogre
  8203 | D:8      | Reached skill level 4 in Invocations
  8325 | D:8      | Reached *** piety under Okawaru
  8326 | D:8      | Reached skill level 5 in Invocations
  8744 | D:8      | Noticed Maurice
  8802 | D:8      | Killed Maurice
  9186 | D:8      | Reached skill level 12 in Fighting
  9362 | D:8      | Noticed Prince Ribbit
  9381 | D:8      | Killed Prince Ribbit
 10061 | D:9      | Reached skill level 12 in Maces & Flails
 10061 | D:9      | Reached XP level 11. HP: 123/124 MP: 14/14
 10150 | D:9      | Found a staircase to the Lair.
 10448 | D:9      | Noticed Grum
 10467 | D:9      | Killed Grum
 10638 | D:9      | Reached **** piety under Okawaru
 10669 | D:9      | Reached skill level 13 in Fighting
 10714 | D:9      | Found Noetwood's Weapon Shoppe.
 10758 | D:9      | Identified a scroll of acquirement
 10759 | D:9      | Acquired the ring of Gotymuybb {AC+4 Int+3 Dex+4}
 10988 | D:9      | Acquired 892 gold pieces
 11336 | D:10     | Entered Level 10 of the Dungeon
 11665 | D:10     | Found a staircase to the Orcish Mines.
 11946 | D:10     | Found a portal to a secret trove of treasure.
 12060 | D:10     | Reached ***** piety under Okawaru
 12288 | D:10     | Reached skill level 14 in Fighting
 12703 | D:11     | Noticed a sixfirhy
 12711 | D:11     | HP: 8/130 [sixfirhy[a kobold demonologist] (11)]
 13010 | D:11     | Identified the +1 hat of Fashionability {*Corrode rElec
                  | rF+} (Okawaru gifted it to you on level 11 of the Dungeon)
 13010 | D:11     | Received a gift from Okawaru
 13011 | D:11     | Reached skill level 13 in Maces & Flails
 13238 | D:11     | Noticed a two-headed ogre
 13256 | D:11     | Killed a two-headed ogre
 13411 | D:11     | Paralysed by a kobold brigand for 2 turns
 13576 | D:11     | Reached skill level 15 in Fighting
 13580 | D:11     | Reached XP level 12. HP: 134/141 MP: 15/15
 13741 | D:11     | Noticed Josephine
 13763 | D:11     | Killed Josephine
 13826 | D:11     | Noticed Erica
 14376 | D:10     | Killed Erica
 14554 | D:11     | Reached skill level 14 in Maces & Flails
 14837 | Lair:1   | Entered Level 1 of the Lair of Beasts
 15114 | Lair:1   | Reached skill level 16 in Fighting
 15310 | Lair:1   | Received a gift from Okawaru
 16188 | Lair:2   | Reached skill level 15 in Maces & Flails
 16265 | Lair:2   | Noticed a death yak
 16272 | Lair:2   | Killed a death yak
 16273 | Lair:2   | Noticed a death yak
 16274 | Lair:2   | Noticed a death yak
 16278 | Lair:2   | Killed a death yak
 16278 | Lair:2   | Received a gift from Okawaru
 16279 | Lair:2   | Reached XP level 13. HP: 140/154 MP: 13/16
 16366 | Lair:2   | Identified the +1 dagger of Luagreh {freeze, Fragile rCorr
                  | Dex+3 SInv}
 16383 | Lair:2   | Reached skill level 17 in Fighting
 16736 | Lair:2   | HP: 3/156 [swamp worm (18)]
 16741 | Lair:2   | HP: 15/156 [six-headed hydra (6)]
 16742 | Lair:2   | HP: 5/156 [six-headed hydra (6)]
 17508 | Lair:2   | Found a staircase to the Swamp.
 17667 | Lair:3   | Reached skill level 16 in Maces & Flails
 17877 | Lair:3   | Identified the +6 executioner's axe of the Puffin {freeze,
                  | *Noise rPois Will++ Str+3} (Okawaru gifted it to you on
                  | level 3 of the Lair of Beasts)
 17877 | Lair:3   | Received a gift from Okawaru
 18054 | Lair:3   | Found a staircase to the Snake Pit.
 18075 | Lair:3   | Identified the +0 chain mail "Qiytydar" {rF+++ rC- rN+
                  | SInv}
 18344 | Lair:3   | Reached ****** piety under Okawaru
 18916 | Lair:3   | Reached skill level 18 in Fighting
 19256 | Lair:4   | Reached skill level 17 in Maces & Flails
 19259 | Lair:4   | Reached XP level 14. HP: 157/170 MP: 17/17
 19306 | Lair:4   | Identified the +6 triple sword of the Nexus {speed, +Blink
                  | rElec rPois Dex+2} (Okawaru gifted it to you on level 4 of
                  | the Lair of Beasts)
 19306 | Lair:4   | Received a gift from Okawaru
 19324 | Lair:4   | Reached skill level 19 in Fighting
 19941 | Lair:4   | Reached skill level 20 in Fighting
 20461 | Lair:4   | Identified the +1 kite shield of Yesterday {Will+ MP-9
                  | Str+3} (Okawaru gifted it to you on level 4 of the Lair of
                  | Beasts)
 20461 | Lair:4   | Received a gift from Okawaru
 20624 | Lair:4   | Reached skill level 21 in Fighting
 21094 | Lair:5   | Entered Level 5 of the Lair of Beasts
 21439 | Lair:5   | Reached skill level 22 in Fighting
 21531 | Lair:5   | Noticed a dire elephant
 21537 | Lair:5   | Killed a dire elephant
 21549 | Lair:5   | Reached skill level 6 in Invocations
 21801 | Lair:5   | Found the +7 Spriggan's Knife {stab, EV+4 Stlth+}
 21824 | Lair:5   | Identified the +3 great sword of Tenacity {freeze, rElec
                  | rPois Will- Stlth+}
 21959 | Lair:5   | Reached XP level 15. HP: 183/189 MP: 20/20
 21982 | Lair:5   | Reached skill level 7 in Invocations
 22150 | Lair:5   | Identified the -2 kite shield of the Wasteland {rC- Will+
                  | Regen+ Stlth+} (Okawaru gifted it to you on level 5 of the
                  | Lair of Beasts)
 22150 | Lair:5   | Received a gift from Okawaru
 22228 | Lair:5   | Found a burning altar of Makhleb.
 22244 | Lair:5   | Reached skill level 8 in Invocations
 22272 | Lair:5   | Found a gateway to Hell.
 22439 | Lair:5   | Found a viscous altar of Jiyva.
 22440 | Lair:5   | Found a staircase to the Slime Pits.
 22758 | Orc:1    | Entered Level 1 of the Orcish Mines
 23111 | Orc:2    | Entered Level 2 of the Orcish Mines
 23111 | Orc:2    | Noticed an orc warlord
 23124 | Orc:1    | Killed an orc warlord
 23125 | Orc:1    | Reached skill level 9 in Invocations
 23630 | Orc:2    | Found Viem's Book Emporium.
 23771 | Orc:2    | Noticed Erolcha
 23789 | Orc:2    | Paralysed by something for 3 turns
 23794 | Orc:2    | Killed Erolcha
 23797 | Orc:2    | Noticed an orc warlord
 23804 | Orc:2    | Killed an orc warlord
 23805 | Orc:2    | Reached skill level 10 in Invocations
 23839 | Orc:2    | Found a staircase to the Elven Halls.
 23841 | Orc:2    | Found Puoclewn's Antique Armour Shoppe.
 24202 | Orc:1    | Identified the +2 dire flail "Cukuel" {drain, Str+2}
                  | (Okawaru gifted it to you on level 1 of the Orcish Mines)
 24202 | Orc:1    | Received a gift from Okawaru
 24226 | Orc:1    | Reached skill level 11 in Invocations
 24333 | Orc:1    | Found Jowkel's Assorted Antiques.
 24558 | Orc:2    | Found Werost's General Store.
 24579 | Orc:2    | Found Duhuizi's Antique Weapon Shoppe.
 24580 | Orc:2    | Found Cudiud's Antique Weapon Emporium.
 24833 | Orc:1    | Bought a scroll of acquirement for 1144 gold pieces
 24833 | Orc:1    | Bought a scroll of blinking for 165 gold pieces
 24892 | Orc:2    | Bought a scroll of identify for 26 gold pieces
 25142 | Hell     | Entered the Vestibule of Hell
 25296 | Hell     | Noticed a doom hound
 25297 | Hell     | Noticed Geryon
 25303 | Lair:5   | Killed a doom hound
 25304 | Lair:5   | Reached skill level 12 in Invocations
 25403 | Hell     | Noticed a doom hound
 25403 | Hell     | Noticed a doom hound
 25432 | Arena    | Entered the Arena
 25440 | Arena    | Noticed a bone dragon
 25441 | Arena    | Killed Geryon
 25442 | Arena    | Reached skill level 1 in Armour
 25442 | Arena    | Reached skill level 3 in Dodging
 25449 | Arena    | Killed a bone dragon
 25449 | Arena    | Received a gift from Okawaru
 25450 | Arena    | Reached skill level 2 in Armour
 25456 | Arena    | Noticed a bone dragon
 25469 | Arena    | Reached skill level 4 in Dodging
 25472 | Arena    | Killed a bone dragon
 25481 | Hell     | Noticed a doom hound
 25486 | Lair:5   | HP: 7/189 [doom hound (12)]
 25487 | Lair:5   | HP: 2/189 [doom hound (32)]
 25487 | Lair:5   | Mangled by a doom hound

Vanquished Creatures
  Geryon (Arena)
  2 bone dragons (Arena)
  A doom hound (Lair:5)
  2 orc warlords
  A reaper (Arena)
  2 dire elephants (Lair:5)
  A blizzard demon (Lair:5)
  Josephine (D:11)
  Erolcha (Orc:2)
  6 hydras
  3 two-headed ogres
  17 death yaks
  A boulder beetle (Lair:4)
  A catoblepas (Lair:2)
  Erica (D:10)
  2 hell hogs (Lair:5)
  2 orc high priests (Orc:2)
  A soul eater (Lair:5)
  A sun demon (Lair:5)
  A deep troll (Lair:3)
  A wizard (Lair:5)
  4 orc knights
  An orc sorcerer (Orc:2)
  3 wolf spiders (Orc:1)
  A moth of wrath (Lair:5)
  Maurice (D:8)
  16 elephants
  7 black mambas
  2 torpor snails
  A smoke demon (Lair:5)
  2 orange demons (Lair:5)
  9 cane toads
  2 gargoyles (D:11)
  Maggie (D:6)
  An unseen horror (D:10)
  11 komodo dragons
  A kobold demonologist (D:11)
  6 rime drakes
  A tormentor (Arena)
  An ice devil (Lair:5)
  2 red devils (Lair:5)
  5 trolls
  A tarantella (Orc:1)
  Prince Ribbit (D:8)
  A hornet (D:9)
  5 dream sheep (Lair:4)
  13 blink frogs
  Sigmund (D:4)
  A vampire (D:11)
  8 wyverns
  4 shadows
  55 yaks
  4 humans (Lair:4)
  4 wraiths (D:11)
  Grum (D:9)
  Eustachio (D:3)
  4 basilisks
  3 steam dragons
  4 vampire mosquitoes (D:11)
  4 wargs (Orc:2)
  A harpy simulacrum (Hell)
  6 swamp worms
  2 acid dragons
  8 water moccasins
  4 hell hounds (Lair:5)
  An ice beast (D:6)
  A black bear (Lair:1)
  8 ogres
  3 sky beasts (D:6)
  34 orc warriors
  5 wolves
  2 phantoms (D:5)
  3 centaurs
  10 bullfrogs
  18 kobold brigands
  5 scorpions
  18 wights
  12 killer bees
  5 spriggan skeletons (D:10)
  5 electric eels (Lair:3)
  A howler monkey (D:9)
  A troll skeleton (D:10)
  2 hounds
  A jelly (D:5)
  Crazy Yiuf (D:5)
  10 orc priests
  Ijyb (D:4)
  3 gnoll boudas
  8 iguanas
  Natasha (thrice) (D:4)
  19 orc wizards
  A hell rat (Lair:4)
  13 gnolls
  9 adders
  A white imp (D:8)
  3 ufetubi
  5 dart slugs
  62 orcs
  3 bats
  4 endoplasms
  4 giant cockroaches
  9 goblins
  6 hobgoblins
  11 ball pythons
  4 frilled lizards
  15 kobolds
  4 rats
597 creatures vanquished.

Vanquished Creatures (others)
  An orc wizard (D:8)
  4 spectral weapons
5 creatures vanquished.

Grand Total: 602 creatures vanquished
